 Dungeon Crawl Stone Soup version 0.29.1-2-gbd0b4ee654 (webtiles) character file.

Game seed: 3828581750176425338

91 croobank the Trooper (level 4, -7/41 HPs)
             Began as a Hill Orc Fighter on Nov 18, 2022.
             Mangled by an ice beast (13 damage)
             ... on level 3 of the Dungeon.
             The game lasted 00:04:47 (1916 turns).

croobank the Trooper (Hill Orc Fighter)             Turns: 1916, Time: 00:04:48

Health: -7/41      AC:  7    Str: 20    XL:     4   Next: 59%
Magic:  4/4        EV:  9    Int:  8    God:
Gold:   68         SH:  0    Dex: 10    Spells: 3/3 levels left

rFire   . . .      SeeInvis .   a - +0 war axe
rCold   . . .      Faith    .   c - +0 buckler
rNeg    . . .      Spirit   .   b - +0 scale mail
rPois   .          Reflect  .   (no helmet)
rElec   .          Harm     .   (no cloak)
rCorr   .          Rampage  .   (no gloves)
Will    .....                   (no boots)
Stlth   ..........              (no amulet)
HPRegen 0.13/turn               (no ring)
MPRegen 0.09/turn               (no ring)

@: confused, ambrosia-drunk
A: no striking features
a: no special abilities


You were on level 3 of the Dungeon.
You visited 1 branch of the dungeon, and saw 3 of its levels.

You collected 68 gold pieces.

Inventory:

Hand Weapons
 a - a +0 war axe (weapon)
Missiles
 k - 2 boomerangs (quivered)
Armour
 b - a +0 scale mail (worn)
 c - a +0 buckler (worn)
 e - a +0 helmet
Jewellery
 l - an amulet of reflection
Scrolls
 g - a scroll of fear {unknown}
 i - 2 scrolls of amnesia {unknown}
 m - a scroll of identify {unknown}
Potions
 d - 3 potions of might
 h - a potion of degeneration {unknown}
 j - a potion of lignification {unknown}
 n - a potion of flight {unknown}
 o - a potion of mutation {unknown}


   Skills:
 + Level 4.4 Fighting
 + Level 3.8 Axes
 + Level 4.0 Armour
 + Level 4.0 Shields


You had 3 spell levels left.
You didn't know any spells.
Your spell library was empty.

Dungeon Overview and Level Annotations

Branches:
Dungeon (3/15)

Altars:

Shops:
D:2 !

Annotations:
D:2 Sigmund


Message History

You slash the ice beast!
The ice beast is moderately wounded.
The ice beast barely misses you.
You hit the ice beast.
The ice beast is heavily wounded.
The ice beast hits you but does no damage.
You block the ice beast's attack.
You closely miss the ice beast.
The ice beast is heavily wounded.
The ice beast hits you but does no damage.
You hit the ice beast but do no damage.
The ice beast is heavily wounded.
The ice beast hits you but does no damage.
You closely miss the ice beast.
The ice beast is heavily wounded.
You block the ice beast's attack. x2
You hit the ice beast but do no damage.
The ice beast is heavily wounded.
The ice beast hits you. The ice beast freezes you!
* * * LOW HITPOINT WARNING * * *
You slash the ice beast!
The ice beast is severely wounded.
The ice beast hits you but does no damage.
The ice beast hits you.
* * * LOW HITPOINT WARNING * * *
The ice beast freezes you.
* * * LOW HITPOINT WARNING * * *
Cleave: a) +0 war axe
Press: ? - help, Dir - move target, f - ice beast
Aim: an ice beast (severely wounded, about 44% to evade your +0 war axe)
Okay, then.
Okay, then.
Okay, then.
You aren't carrying any items that you can evoke.
It was a potion of ambrosia.
You are confused.
You feel invigorated. The ice beast hits you.
* * * LOW HITPOINT WARNING * * *
The ice beast freezes you!
You die...

#)# #..# # #.# .># ##.
#.# ..?... #.# ##.#.#
#.# #....# #.# #..# #.#
#..# #.# #..#######.#
#.##########...Y@.<...#
#............##########
###########..#...####
#..............#
#.####.........##
#..........#
#.........###..
#>..........>..
##.#...###.....


You could see an ice beast.

Vanquished Creatures
  Natasha (D:2)
  2 adders
  A worm (D:2)
  A dart slug (D:1)
  An orc (D:3)
  2 ball pythons
  6 bats
  5 endoplasms
  A giant cockroach (D:2)
  7 hobgoblins
  3 jackals (D:1)
  4 kobolds (D:1)
  A quokka (D:2)
  2 frilled lizards (D:1)
  A rat (D:2)
38 creatures vanquished.

Notes
Turn   | Place    | Note
-------+----------+-------------------------------------------
     0 | D:1      | croobank the Hill Orc Fighter began the quest for the Orb.
     0 | D:1      | Reached XP level 1. HP: 19/19 MP: 1/1
   247 | D:1      | Reached XP level 2. HP: 27/27 MP: 2/2
   904 | D:1      | Reached XP level 3. HP: 32/33 MP: 3/3
  1071 | D:2      | Found a faded altar of an unknown god.
  1550 | D:2      | Found Abayxkucso's Distillery.
  1607 | D:2      | Noticed Natasha
  1616 | D:2      | Killed Natasha
  1617 | D:2      | Reached XP level 4. HP: 37/41 MP: 4/4
  1698 | D:2      | Noticed Sigmund
  1900 | D:3      | Noticed an ice beast
  1915 | D:3      | HP: 2/41 [ice beast (5)]
  1916 | D:3      | Mangled by an ice beast

Illustrated notes

Levels and vault maps discovered:
D:1:      scummos_arrival_forest, layout_loops_corners, serial_glass,
          glass_columns_a, glass_columns_a, item_on_display_a,
          due_unseen_surprise
D:2:      layout_basic, serial_shops, shop, shapermc_ecumenical_altar_petra,
          nicolae_figureground_sparkle, uniq_sigmund, uniq_natasha
D:3:      layout_loops_ring, mainiacjoe_overflow_catwalk

Skill      XL: |  1  2  3  4 |
---------------+-------------+-----
Axes           | 3 |  3.8
Fighting       | 4 |  4.4
Shields        | 4 |  4.0
Armour         | 4 |  4.0

Action                   |  1- 3 |  4- 6 || total
-------------------------+-------+-------++-------
Melee: War axe           |   111 |    22 ||   133
  Use: Potion            |       |     1 ||     1
Armor: Scale mail        |    53 |    13 ||    66
Dodge: Dodged            |    62 |     7 ||    69
Block: Buckler           |    21 |     7 ||    28
